 Dungeon Crawl Stone Soup version 0.25.1-2-g60ff931df9 (webtiles) character file.

Game seed: 6332326697387451093

121 lepoulpe303 the Skirmisher (level 4, -4/40 HPs)
             Began as a Draconian Fighter on Oct 14, 2020.
             Killed by divine providence
             ... invoked by an orc priest
              (11 damage)
             ... on level 3 of the Dungeon.
             The game lasted 00:04:10 (2768 turns).

lepoulpe303 the Skirmisher (Draconian Fighter)      Turns: 2768, Time: 00:04:10

Health: -4/40      AC:  6    Str: 19    XL:     4   Next: 76%
Magic:  4/4        EV: 10    Int:  9    God:
Gold:   87         SH:  9    Dex: 10    Spells: 3/3 levels left

rFire    . . .     SeeInvis .   a - +0 long sword
rCold    . . .     Gourm    .   b - +0 kite shield
rNeg     . . .     Faith    .   (armour unavailable)
rPois    .         Spirit   .   (helmet restricted)
rElec    .         Reflect  .   (no cloak)
rCorr    .         Harm     .   s - +0 pair of gloves (curse)
MR       .....                  (no boots)
Stlth    +.........             (no amulet)
HPRegen  0.13/turn              (no ring)
MPRegen  0.09/turn              (no ring)

@: no status effects
A: unfitting armour, cold-blooded, AC +5
a: no special abilities


You were on level 3 of the Dungeon.
You were not hungry.

You visited 1 branch of the dungeon, and saw 3 of its levels.

You collected 87 gold pieces.

Inventory:

Hand Weapons
 a - a +0 long sword (weapon)
Missiles
 f - 7 atropa-tipped darts
Armour
 b - a +0 kite shield (worn)
 s - a cursed +0 pair of gloves (worn)
Jewellery
 n - an uncursed ring of positive energy {unknown}
Scrolls
 c - 2 scrolls of amnesia {unknown}
 j - 2 scrolls of fear {unknown}
 l - a scroll of remove curse {unknown}
 p - a scroll of random uselessness {unknown}
 r - 2 scrolls of magic mapping {unknown}
Potions
 d - a potion of might
 g - a potion of degeneration {unknown}
 h - a potion of heal wounds {unknown}
 k - a potion of stabbing {unknown}
 m - a potion of mutation {unknown}
 o - a potion of curing {unknown}
 q - a potion of brilliance {unknown}
Comestibles
 e - 6 rations
 i - 7 chunks of flesh


   Skills:
 + Level 4.1 Fighting
 + Level 3.0 Long Blades
 + Level 3.4 Dodging
 + Level 3.8 Shields


You had 3 spell levels left.
You didn't know any spells.
Your spell library was empty.

Dungeon Overview and Level Annotations

Branches:
Dungeon (3/15)

Altars:
Ashenzari
Qazlal


Innate Abilities, Weirdness & Mutations

Your plain brown scales are hard. (AC +5)
You cannot fit into any form of body armour.
You are cold-blooded and may be slowed by cold attacks.


Message History

You barely miss the frilled lizard. You tail-slap the frilled lizard.
You kill the frilled lizard!
Something hits you.
* * * LOW HITPOINT WARNING * * *
Something hits you but does no damage.
You take 3 damage, and have 8/40 hp.
Something hits you.
* * * LOW HITPOINT WARNING * * *
2 orcs and an orc priest come into view.
The orc shouts!
The orc priest shouts!
The orc shouts!
You closely miss something. You block something's attack.
Your shield prevents you from hitting the orc.
You block the orc's attack. Something hits you.
* * * LOW HITPOINT WARNING * * *
You take 1 damage, and have 7/40 hp.
Unknown command.
You barely miss the orc. Something hits you but does no damage.
The orc priest invokes the aid of Beogh against you.
Beogh smites you!
You die...

?....##.# .....l..#
...#.#..# .. #..####
... #...).# ..
#.###)# . #.#l..#
#.#.### #.#@#
..#o.o...#
#.#.o....#
#############......#
#......o.o..#......+
#o#########.##.....#
#.#####...#.# .....#
#.#...#.#.#.# .....#
#.#...#.#.#o#


You could see an orc priest, 2 orcs and a frilled lizard.

Levels and vault maps discovered:
D:1:      shiori_arrival_maze, layout_loops_ring, minmay_misc_feat_columns,
          feat_on_display
D:2:      layout_loops_ring, nicolae_qazlal_eye_of_the_storm
D:3:      layout_basic, cheibrodos_sewer_entry_drain, first_ration,
          ashenzari_altar_1

Notes
Turn   | Place    | Note
-------+----------+-------------------------------------------
     0 | D:1      | lepoulpe303 the Draconian Fighter began the quest for the
                  | Orb.
     0 | D:1      | Reached XP level 1. HP: 19/19 MP: 1/1
   377 | D:1      | Identified a +0 club
   381 | D:1      | Reached XP level 2. HP: 18/26 MP: 2/2
  1022 | D:2      | Identified a +0 club
  1022 | D:2      | Identified a +0 dagger
  1027 | D:2      | Reached skill level 3 in Dodging
  1147 | D:2      | Reached XP level 3. HP: 33/33 MP: 3/3
  1162 | D:2      | Identified a +0 dagger
  1230 | D:2      | Found a stormy altar of Qazlal.
  1362 | D:2      | Identified a cursed +0 pair of gloves (You found it on
                  | level 2 of the Dungeon)
  1378 | D:2      | Identified a +0 halberd
  1378 | D:2      | Identified a +0 club
  1378 | D:2      | Identified a +0 whip
  1570 | D:2      | Reached skill level 4 in Fighting
  1570 | D:2      | Reached XP level 4. HP: 19/40 MP: 4/4
  2223 | D:2      | HP: 10/40 [gnoll/+0 halberd (3)]
  2224 | D:2      | Reached skill level 3 in Long Blades
  2507 | D:3      | Identified a +0 mace
  2508 | D:3      | Identified a +0 dagger
  2577 | D:3      | Identified a +0 club
  2665 | D:3      | Found a shattered altar of Ashenzari.
  2676 | D:3      | Identified a +0 hand axe
  2694 | D:3      | Identified a +0 club
  2743 | D:3      | Identified a +0 flail
  2744 | D:3      | Identified a +0 dagger
  2744 | D:3      | Identified a +0 robe
  2744 | D:3      | Identified a +0 morningstar
  2762 | D:3      | HP: 8/40 [something (3)]
  2765 | D:3      | Identified a cursed -1 flail
  2765 | D:3      | Identified a +0 ring mail
  2765 | D:3      | Identified a +0 short sword
  2765 | D:3      | Identified a +0 leather armour
  2765 | D:3      | Identified a +0 hand axe
  2765 | D:3      | Identified a +0 ring mail
  2767 | D:3      | HP: 7/40 [something (1)]
  2768 | D:3      | Killed from afar by an orc priest

Table legend:
 A = Turns spent in this place as a percentage of turns spent in the entire game.
 B = Non-inter-level travel turns spent in this place as a percentage of non-inter-level travel turns spent in the entire game.
 C = Inter-level travel turns spent in this place as a percentage of turns spent in this place.
 D = Turns resting spent in this place as a percentage of non-inter-level travel turns spent in this place.
 E = Turns spent auto-exploring this place as a percentage of non-inter-level travel turns spent in this place.
 F = Non-inter-level travel turns spent in this place divided by the number of levels of this place that you've seen.
                   A       B       C       D       E      F
               +-------+-------+-------+-------+-------+----------------------
         Total | 100.0 | 100.0 |   4.4 |  19.5 |  61.5 | 881.7
       Dungeon | 100.0 | 100.0 |   4.4 |  19.5 |  61.5 | 881.7
               +-------+-------+-------+-------+-------+----------------------

Table legend:
 A = Kills in this place as a percentage of kills in entire the game.
 B = Kills by you in this place as a percentage of kills by you in the entire game.
 C = Kills by friends in this place as a percentage of kills by friends in the entire game.
 D = Other kills in this place as a percentage of other kills in the entire game.
 E = Experience gained in this place as a percentage of experience gained in the entire game.
 F = Experience gained in this place divided by the number of levels of this place that you have seen.
                   A       B       C       D       E      F
               +-------+-------+-------+-------+-------+----------------------
         Total | 100.0 | 100.0 |   N/A |   N/A | 100.0 |  57.7
       Dungeon | 100.0 | 100.0 |   N/A |   N/A | 100.0 |  57.7
               +-------+-------+-------+-------+-------+----------------------

Skill      XL: |  1  2  3  4 |
---------------+-------------+-----
Dodging        | 3 |  3.4
Fighting       | 4 |  4.1
Long Blades    | 3 |  3.0
Shields        | |  3.8

Action                   |  1- 3 |  4- 6 || total
-------------------------+-------+-------++-------
Melee: Long sword        |    93 |    60 ||   153
       Tailslap          |     7 |     9 ||    16
 Stab: Sleeping          |     2 |       ||     2
  Eat: Chunk             |     2 |     2 ||     4
       Ration            |       |     1 ||     1
Armor: Skin              |    27 |    20 ||    47
Dodge: Dodged            |    34 |    25 ||    59
Block: Kite shield       |    47 |    35 ||    82
       Rpst.: Long sword |     9 |     4 ||    13

Vanquished Creatures
  A hound (D:2)
  3 gnolls (D:2)
  2 worms (D:2)
  A dart slug (D:2)
  A leopard gecko (D:1)
  4 orcs (D:3)
  2 giant cockroaches (D:1)
  6 hobgoblins
  3 jackals (D:2)
  2 quokkas
  7 bats
  A frilled lizard (D:3)
  5 goblins
  2 kobolds
  9 rats
49 creatures vanquished.
